 Dungeon Crawl Stone Soup version 0.25-a0-930-g9f5dfa9815 (webtiles) character file.

Game seed: 13937798414374345453, levelgen mode: deterministic

952 Hasart the Magician (level 7, -5/36 HPs)
             Began as a Deep Elf Wizard on May 3, 2020.
             Was an Initiate of Sif Muna.
             Killed by divine providence
             ... invoked by an orc priest
              (13 damage)
             ... on level 6 of the Dungeon on May 4, 2020.
             The game lasted 00:12:07 (6890 turns).

Hasart the Magician (Deep Elf Wizard)               Turns: 6890, Time: 00:12:07

Health: -5/36      AC:  7    Str:  4    XL:     7   Next: 90%
Magic:  13/18      EV: 14    Int: 25    God:    Sif Muna [......]
Gold:   116        SH:  9    Dex: 13    Spells: 10/18 levels left

rFire    x . .     SeeInvis .   w - +8 whip "Zum Yfetz" {vorpal, *Corrode +Inv rF- MR+++}
rCold    . . .     Gourm    .   v - +0 buckler
rNeg     + . .     Faith    .   i - +2 robe {rN+}
rPois    .         Spirit   .   b - +0 hat
rElec    .         Reflect  +   u - +2 cloak
rCorr    .         Harm     .   (no gloves)
MR       +++..                  (no boots)
Stlth    +.........             t - +5 amulet of reflection
HPRegen  0.12/turn              l - ring of attention (curse)
MPRegen  0.16/turn              (no ring)

@: no status effects
A: no striking features
a: Renounce Religion, Evoke Invisibility


You were on level 6 of the Dungeon.
You worshipped Sif Muna.
Sif Muna was noncommittal.
You were not hungry.

You visited 2 branches of the dungeon, and saw 7 of its levels.

You collected 224 gold pieces.
You spent 108 gold pieces at shops.

Inventory:

Hand Weapons
 j - a +1 spear
 w - the +8 whip "Zum Yfetz" (weapon) {vorpal, *Corrode +Inv rF- MR+++}
   (You found it on level 5 of the Dungeon)

   It inflicts extra damage upon your enemies.
   It makes you vulnerable to fire.
   It affects your resistance to hostile enchantments.
   It lets you turn invisible.
   It may corrode you when you take damage.
Armour
 b - a +0 hat (worn)
 i - a +2 robe of positive energy (worn)
 u - a +2 cloak (worn)
 v - a +0 buckler (worn)
Jewellery
 l - a cursed ring of attention (left hand)
 t - a +5 amulet of reflection (around neck)
Wands
 g - a wand of paralysis (11)
Scrolls
 a - 2 scrolls of teleportation
 h - a scroll of fog {unknown}
 k - 4 scrolls of magic mapping
 m - 3 scrolls of identify
 n - a scroll of immolation {unknown}
 q - 2 scrolls of blinking
 s - a scroll of enchant weapon
 y - a scroll of remove curse
Potions
 c - 2 potions of flight {unknown}
 e - 3 potions of curing
 f - 4 potions of stabbing {unknown}
 o - a potion of lignification {unknown}
 p - a potion of haste {unknown}
 r - a potion of heal wounds {unknown}
 x - 2 potions of berserk rage {unknown}
Comestibles
 d - 12 rations


   Skills:
 + Level 4.8 Dodging
 - Level 2.4 Stealth
 + Level 1.2 Shields
 + Level 6.3 Spellcasting
 * Level 5.6 Conjurations
 + Level 2.8 Summonings
 + Level 2.9 Translocations
 + Level 2.2 Air Magic
 + Level 2.4 Poison Magic


You had 10 spell levels left.
You knew the following spells:

 Your Spells              Type           Power        Failure   Level  Hunger
a - Magic Dart            Conj           ####         1%          1    None
b - Call Imp              Summ           ###.....     4%          2    None
c - Blink                 Tloc           N/A          4%          2    None
d - Mephitic Cloud        Conj/Pois/Air  ####....     8%          3    None

Your spell library contained the following spells:

 Spells                   Type           Power        Failure   Level  Hunger
 Conjure Flame            Conj/Fire      ###.....     10%         3    None
 Slow                     Hex            #.......     16%         2    None


Dungeon Overview and Level Annotations

Branches:
Dungeon (6/15)             Temple (1/1) D:4

Altars:
Ashenzari
Cheibriados
Elyvilon
Gozag
Makhleb
Qazlal
Sif Muna
Trog
Uskayaw
Xom
Zin

Shops:
D:5 [

Annotations:
D:6 Edmund


Message History

The orc wizard is engulfed in noxious fumes.
The orc wizard appears confused.
Unknown command.
You hit the orc warrior.
The orc warrior is heavily wounded.
The orc warrior misses you.
Unknown command.
You whack the orc warrior!
The orc warrior is severely wounded.
The orc warrior hits you with a cursed +0 mace!!
Ouch! That really hurt!
* * * LOW HITPOINT WARNING * * *
You block the orc's attack.
Unknown command.
You whack the orc warrior!
You kill the orc warrior!
Sif Muna accepts your kill.
The orc priest calls down the wrath of Beogh upon you.
Beogh smites you!
You die...

..# '###### ..#
...... ..# .....
..#+
#...########
..o.
#...#......#
##o.
#.o.#......#
#...oo.....# ..
#...#.)....# ...
#..o#@o....#
....#...#......#
....#####......#
...........#####
...........#
...........#
...........#
##'##......# ..
#....<.#


You could see an orc priest, an orc wizard (confused) and an orc.

Vanquished Creatures
  An orc warrior (D:6)
  An ogre (D:4)
  A centaur (D:5)
  A howler monkey (D:6)
  A crimson imp (D:5)
  A quasit (D:5)
  3 bullfrog skeletons
  A centaur skeleton (D:6)
  An orc priest (D:6)
  An iguana (D:5)
  2 orc wizards (D:5)
  3 worker ants
  A hound skeleton (D:5)
  A worker ant zombie (D:5)
  12 adders
  An ooze (D:4)
  An adder skeleton (D:4)
  2 worms
  A leopard gecko (D:4)
  15 orcs
  3 bats
  8 giant cockroaches
  7 goblins
  7 hobgoblins
  5 jackals
  8 kobolds
  2 quokkas
  3 ball pythons
  A ball python skeleton (D:4)
  2 frilled lizards
  A giant cockroach zombie (D:5)
  A quokka skeleton (D:4)
  5 rats
104 creatures vanquished.

Vanquished Creatures (collateral kills)
  An ogre (D:3)
  An orc (D:6)
2 creatures vanquished.

Grand Total: 106 creatures vanquished

Notes
Turn   | Place    | Note
-------+----------+-------------------------------------------
     0 | D:1      | Hasart the Deep Elf Wizard began the quest for the Orb.
     0 | D:1      | Reached XP level 1. HP: 10/10 MP: 7/7
   454 | D:1      | Reached XP level 2. HP: 15/15 MP: 6/9
  1179 | D:2      | Reached XP level 3. HP: 19/19 MP: 3/11
  1585 | D:2      | Learned a level 2 spell: Call Imp
  1588 | D:2      | Learned a level 2 spell: Blink
  1785 | D:2      | Reached skill level 5 in Spellcasting
  1925 | D:2      | Found a bloodstained altar of Trog.
  2304 | D:2      | Reached XP level 4. HP: 21/24 MP: 8/13
  2727 | D:3      | Noticed an ogre
  2741 | D:3      | Killed an ogre
  2892 | D:3      | Reached XP level 5. HP: 28/28 MP: 6/14
  3442 | D:3      | Learned a level 3 spell: Mephitic Cloud
  3874 | D:4      | Noticed an ogre
  3883 | D:4      | Killed an ogre
  3883 | D:4      | Reached XP level 6. HP: 32/32 MP: 5/16
  3980 | D:4      | Reached skill level 1 in Poison Magic
  4186 | D:4      | Reached skill level 1 in Air Magic
  4647 | D:4      | Found a staircase to the Ecumenical Temple.
  4754 | D:5      | Entered Level 5 of the Dungeon
  4797 | D:5      | Found Tyimnon's Antique Armour Emporium.
  4899 | D:5      | Bought a buckler for 108 gold pieces
  5002 | D:5      | Reached skill level 6 in Spellcasting
  5130 | D:5      | Reached XP level 7. HP: 32/36 MP: 8/18
  5331 | D:5      | Reached skill level 5 in Conjurations
  5396 | D:5      | Got an ancient whip
  5397 | D:5      | Identified the +8 whip "Zum Yfetz" {vorpal, *Corrode +Inv
                  | rF- MR+++} (You found it on level 5 of the Dungeon)
  5782 | D:5      | Found a white marble altar of Elyvilon.
  5910 | Temple   | Entered the Ecumenical Temple
  5968 | Temple   | Became a worshipper of Sif Muna the Loreminder
  6604 | D:6      | Noticed Edmund
  6609 | D:6      | Reached skill level 1 in Shields
  6890 | D:6      | Killed from afar by an orc priest

Levels and vault maps discovered:
D:1:      co_arrival_square_in_a_square_in_a_square, layout_basic,
          roderic_roman_lattice
D:2:      layout_basic, lemuel_doored_altar
D:3:      layout_basic, first_ration
D:4:      layout_basic, minmay_temple_entry_from_below_a
D:5:      layout_layer_cave, elyvilon_altar_3, serial_shops, shop
D:6:      layout_gridville, uniq_edmund
Temple:   regret_index_temple_generic_petals

Skill      XL: |  1  2  3  4  5  6  7 |
---------------+----------------------+-----
Conjurations   | 2 3 4 5 |  5.6
Dodging        | 3 4 |  4.8
Spellcasting   | 5 6 |  6.3
Poison Magic   | 1 2 |  2.4
Air Magic      | 1 2 |  2.2
Translocations | 2 |  2.9
Summonings     | 2 |  2.8
Shields        | 1 |  1.2
Stealth        | |  2.4

Action                   |  1- 3 |  4- 6 |  7- 9 || total
-------------------------+-------+-------+-------++-------
Melee: Unarmed           |     1 |       |       ||     1
       Spear             |    13 |     9 |       ||    22
       Whip              |       |       |    39 ||    39
 Cast: Magic Dart        |    87 |   147 |    65 ||   299
       Call Imp          |       |     3 |       ||     3
       Mephitic Cloud    |       |     4 |     7 ||    11
  Use: Scroll            |       |     9 |       ||     9
 Stab: Sleeping          |       |     1 |       ||     1
       Confused          |       |       |     1 ||     1
  Eat: Chunk             |     4 |     9 |     5 ||    18
Armor: Robe              |     6 |    11 |    16 ||    33
Dodge: Dodged            |    25 |    28 |    44 ||    97
Block: Other             |       |     8 |     8 ||    16
       Buckler           |       |       |    19 ||    19

Table legend:
 A = Non-vault XP
 B = Vault XP
 C = Vault XP percentage of total XP
 D = Non-vault monster count
 E = Vault monster count
 F = Vault count percentage of total count
                 A         B        C        D         E       F
            +---------+---------+-------+---------+---------+-------
      Total |    1360 |       0 |   0.0 |     106 |       0 |   0.0
            +---------+---------+-------+---------+---------+-------
        D:1 |      27 |       0 |   0.0 |      15 |       0 |   0.0
        D:2 |      75 |       0 |   0.0 |      21 |       0 |   0.0
        D:3 |     125 |       0 |   0.0 |      16 |       0 |   0.0
        D:4 |     292 |       0 |   0.0 |      18 |       0 |   0.0
        D:5 |     522 |       0 |   0.0 |      25 |       0 |   0.0
        D:6 |     319 |       0 |   0.0 |      11 |       0 |   0.0
            +---------+---------+-------+---------+---------+-------
